 Seeded DCSS version 0.30-a0-715-gdb4ae3ece1 (webtiles) character file.

Game seed: 5430720872467839093 (custom seed)

130 OTABOTABOTAB the Shooter (level 5, 32/32 HPs)
             Began as a Kobold Hunter on Jan 24, 2023.
             Quit the game on level 3 of the Dungeon.
             The game lasted 00:02:32 (1774 turns).

OTABOTABOTAB the Shooter (Kobold Hunter)            Turns: 1774, Time: 00:02:33

Health: 32/32      AC:  3    Str: 14    XL:     5   Next: 36%
Magic:  5/5        EV: 16    Int: 11    God:
Gold:   2485       SH:  0    Dex: 20    Spells: 4/4 levels left

rFire   . . .      SeeInvis .    p - +2 arbalest (elec)
rCold   + . .      Faith    .    (shield currently unavailable)
rNeg    . . .      Spirit   .    c - +0 leather armour
rPois   .          Reflect  .    (no helmet)
rElec   .          Harm     .    (no cloak)
rCorr   .          Rampage  .    (no gloves)
Will    .....                    (no boots)
Stlth   +++                      (no amulet)
HPRegen 0.25/turn                C - ring of protection from cold {rC+, !d}
MPRegen 0.09/turn                d - +6 ring of strength

@: no status effects
A: small, no large weapons, nightstalker 3
a: no special abilities


You were on level 3 of the Dungeon.
You visited 1 branch of the dungeon, and saw 3 of its levels.

You collected 2485 gold pieces.

Inventory:

Hand Weapons
 p - a +2 arbalest of electrocution (weapon)
   (You acquired it on level 2 of the Dungeon)
Missiles
 s - 19 stones
Armour
 c - a +0 leather armour (worn)
Jewellery
 d - a +6 ring of strength (right hand)
   (You found it on level 1 of the Dungeon)
 C - a ring of protection from cold (left hand) {rC+, !d}
   (You found it on level 2 of the Dungeon)
Scrolls
 b - a scroll of brand weapon {unknown}
 f - a scroll of torment {unknown}
 g - 3 scrolls of amnesia {unknown}
 h - a scroll of identify {unknown}
 k - a scroll of noise {unknown}
 l - a scroll of teleportation {unknown}
 m - a scroll of fog {unknown}
 o - a scroll of enchant armour {unknown}
 K - 2 scrolls of immolation {!r}
Potions
 e - a potion of mutation {unknown}
 i - a potion of attraction {unknown}
 j - 2 potions of curing {unknown}


   Skills:
 + Level 3.2 Fighting
 * Level 6.6 Ranged Weapons
 + Level 3.5 Dodging
 + Level 3.2 Stealth


You had 4 spell levels left.
You didn't know any spells.
Your spell library was empty.

Dungeon Overview and Level Annotations

Branches:
Dungeon (3/15)

Altars:

Shops:
D:2 ?


Innate Abilities, Weirdness & Mutations

You are small and have problems with some larger weapons.
You are completely attuned to the shadows.


Message History

Aim: a gnoll, wielding a +0 whip (severely wounded, 69% to hit)
You shoot an arrow. The arrow barely misses the gnoll.
The arrow hits the gnoll!
The gnoll hits you with a +0 whip.
You take 4 damage, and have 15/32 hp.
Fire: a) +0 shortbow
Aim: a gnoll, wielding a +0 whip (severely wounded, 69% to hit)
You shoot an arrow. The arrow hits the gnoll.
The gnoll barely misses you. The gnoll hits you with a +0 whip.
You take 3 damage, and have 12/32 hp.
Fire: a) +0 shortbow
Aim: a gnoll, wielding a +0 whip (severely wounded, 69% to hit)
You shoot an arrow. The arrow barely misses the gnoll.
The arrow hits the gnoll!
You kill the gnoll!
The gnoll completely misses you.
Fire: a) +0 shortbow
Aim: a gnoll, wielding a +0 whip (severely wounded, 69% to hit)
You shoot an arrow. The arrow hits the gnoll!
You kill the gnoll!
Fire: a) +0 shortbow
Aim: a gnoll, wielding a +0 flail (lightly wounded, 69% to hit)
You shoot an arrow. The arrow hits the gnoll.
The gnoll closely misses you.
Fire: a) +0 shortbow
Aim: a gnoll, wielding a +0 flail (moderately wounded, 69% to hit)
You shoot an arrow. The arrow barely misses the gnoll.
The gnoll closely misses you.
Fire: a) +0 shortbow
Aim: a gnoll, wielding a +0 flail (moderately wounded, 69% to hit)
You shoot an arrow. The arrow barely misses the gnoll.
The gnoll barely misses you. The gnoll hits you with a +0 flail.
You take 1 damage, and have 12/32 hp.
Fire: a) +0 shortbow
Aim: a gnoll, wielding a +0 flail (moderately wounded, 69% to hit)
You shoot an arrow.
The arrow hits the gnoll but does no damage.
The gnoll misses you.
Fire: a) +0 shortbow
Aim: a gnoll, wielding a +0 flail (moderately wounded, 69% to hit)
You shoot an arrow. The arrow closely misses the gnoll.
The gnoll barely misses you.
Fire: a) +0 shortbow
Aim: a gnoll, wielding a +0 flail (moderately wounded, 69% to hit)
You shoot an arrow. The arrow hits the gnoll.
The gnoll closely misses you.
Fire: a) +0 shortbow
Aim: a gnoll, wielding a +0 flail (severely wounded, 69% to hit)
You shoot an arrow. The arrow closely misses the gnoll.
The gnoll misses you. The gnoll closely misses you.
Fire: a) +0 shortbow
Aim: a gnoll, wielding a +0 flail (severely wounded, 69% to hit)
You shoot an arrow. The arrow hits the gnoll!
You kill the gnoll!
Unknown command.
Items here: )) ††.
Found a stone staircase leading up.
Health restored: 32
There is a stone staircase leading up here.
An endoplasm comes into view.
An endoplasm is nearby!
You shoot an arrow. The arrow hits the endoplasm.
The endoplasm quivers.
You shoot an arrow. The arrow hits the endoplasm!
You kill the endoplasm!
No target in view!
No target in view!
Found a stone staircase leading up.
There is a stone staircase leading up here.
n - 4 scrolls labelled ICHANW HIUVOTE (gained 1) Done exploring.
Done exploring.
Done exploring.
This is a scroll of acquirement!
Something appears at your feet!
You now have enough gold to buy a scroll of blinking on this level, or buy a scroll of enchant armour on this level.
You now have 815 gold pieces (gained 746).
Something appears at your feet!
p - a +2 arbalest of electrocution Something appears at your feet!
You now have 1550 gold pieces (gained 735).
Something appears at your feet!
You now have 2485 gold pieces (gained 935).
Done exploring.
You hear the crackle of electricity.
p - a +2 arbalest of electrocution (weapon)
You drop a +0 shortbow.
Done exploring.
Done exploring.
Setting a skill training target for Ranged Weapons at 18.0.
Done exploring.
Done exploring.
(D) Dungeon
Where to? (Enter - D:2, ? - help)
There is a stone staircase leading down here.
You climb downwards.
Found a bloodstained short sword and a fuming grey potion.
Found an escape hatch in the ceiling.
Found a stone staircase leading down.
There is a stone staircase leading up here.
There are monsters nearby!

.........
........o
.........
.........
#..>@..o.
#.......o
....!o.o.
.<.......
.........


You could see an orc priest (asleep), an orc wizard (asleep) and 3 orcs.

Vanquished Creatures
  A necrophage (D:2)
  3 gnolls (D:2)
  An adder (D:2)
  3 bats
  5 endoplasms
  4 goblins
  2 hobgoblins
  4 jackals (D:1)
  5 kobolds
  2 quokkas (D:1)
  2 ball pythons (D:1)
  A frilled lizard (D:2)
  A rat (D:1)
34 creatures vanquished.

Notes
Turn   | Place    | Note
-------+----------+-------------------------------------------
     0 | D:1      | OTABOTABOTAB the Kobold Hunter began the quest for the Orb.
     0 | D:1      | Reached XP level 1. HP: 12/12 MP: 1/1
   160 | D:1      | Reached XP level 2. HP: 11/18 MP: 2/2
   246 | D:1      | Reached skill level 2 in Stealth
   584 | D:1      | Reached XP level 3. HP: 22/22 MP: 3/3
   996 | D:2      | Found Doddoiw's Magic Scroll Shoppe.
  1144 | D:2      | Noticed a necrophage
  1153 | D:2      | Killed a necrophage
  1154 | D:2      | Reached skill level 3 in Fighting
  1154 | D:2      | Reached skill level 6 in Ranged Weapons
  1154 | D:2      | Reached skill level 3 in Dodging
  1154 | D:2      | Reached XP level 4. HP: 23/28 MP: 4/4
  1430 | D:2      | Reached skill level 3 in Stealth
  1430 | D:2      | Reached XP level 5. HP: 30/32 MP: 5/5
  1756 | D:2      | Identified 4 scrolls of acquirement
  1756 | D:2      | Acquired 746 gold pieces
  1758 | D:2      | Acquired a +2 arbalest of electrocution
  1760 | D:2      | Acquired 735 gold pieces
  1762 | D:2      | Acquired 935 gold pieces
  1774 | D:3      | Quit the game

Illustrated notes

Levels and vault maps discovered:
D:1:      dpeg_arrival_boxes_within_box, layout_basic
D:2:      layout_loops_ring, serial_shops, shop, nicolae_kite_square_tiling_tiny
D:3:      layout_rooms, okawaru_metal_pillars_3, ebering_ecumenical_altar_rust

Skill      XL: |  1  2  3  4 |
---------------+-------------+-----
Stealth        | 2 3 |  3.2
Fighting       | 3 |  3.2
Ranged Weapons | 6 |  6.6
Dodging        | 3 |  3.5

Action                     |  1- 3 |  4- 6 || total
---------------------------+-------+-------++-------
   Fire: Shortbow          |    48 |    46 ||    94
    Use: Scroll            |       |     4 ||     4
 Armour: Leather armour    |     7 |     7 ||    14
  Dodge: Dodged            |    14 |    43 ||    57

Table legend: (Time is in decaauts)
 A = Elapsed time spent in this place.
 B = Non-inter-level travel time spent in this place.
 C = Inter-level travel time spent in this place.
 D = Time resting spent in this place.
 E = Time spent auto-exploring this place.
 F = Levels seen in this place.
 G = Mean time per level.
                   A        B        C        D        E       F      G
               +--------+--------+--------+--------+--------+-----+--------+
         Total |   1794 |   1760 |     34 |      0 |   1562 |   3 |  598.0 |
       Dungeon |   1794 |   1760 |     34 |      0 |   1562 |   3 |  598.0 |
               +--------+--------+--------+--------+--------+-----+--------+

Top non-repeatable levels by time:
     D:1: 991 daAuts
     D:2: 801 daAuts
     D:3: 0 daAuts

Table legend:
 A = Kills in this place as a percentage of kills in entire the game.
 B = Kills by you in this place as a percentage of kills by you in the entire game.
 C = Kills by friends in this place as a percentage of kills by friends in the entire game.
 D = Other kills in this place as a percentage of other kills in the entire game.
 E = Experience gained in this place as a percentage of experience gained in the entire game.
 F = Experience gained in this place divided by the number of levels of this place that you have seen.
                   A       B       C       D       E      F
               +-------+-------+-------+-------+-------+----------------------
         Total | 100.0 | 100.0 |   N/A |   N/A | 100.0 |  62.3
       Dungeon | 100.0 | 100.0 |   N/A |   N/A | 100.0 |  62.3
               +-------+-------+-------+-------+-------+----------------------
